 Dungeon Crawl Stone Soup version 0.28.0-53-g5a82cb258f (webtiles) character file.

Game seed: 4631211622651681181

682 Peloso the Slasher (level 7, 0/60 HPs)
             Began as a Minotaur Fighter on June 14, 2022.
             Succumbed to an adder's poison
             ... on level 5 of the Dungeon.
             The game lasted 00:05:50 (5040 turns).

Peloso the Slasher (Minotaur Fighter)               Turns: 5040, Time: 00:05:51

Health: 0/60       AC:  7    Str: 21    XL:     7   Next: 34%
Magic:  6/6        EV: 10    Int:  5    God:
Gold:   54         SH:  5    Dex: 11    Spells: 6/6 levels left

rFire   . . .      SeeInvis .   a - +1 long sword
rCold   . . .      Faith    .   c - +0 buckler
rNeg    . . .      Spirit   .   b - +0 scale mail
rPois   .          Reflect  .   (helmet restricted)
rElec   .          Harm     .   (no cloak)
rCorr   .          Rampage  .   (no gloves)
Will    .....                   (no boots)
Stlth   ..........              (no amulet)
HPRegen 0.20/turn               (no ring)
MPRegen 0.10/turn               (no ring)

@: brilliant, lethally poisoned (0 -> -6)
A: horns 2, retaliatory headbutt
a: no special abilities


You were on level 5 of the Dungeon.
You visited 1 branch of the dungeon, and saw 5 of its levels.

You collected 82 gold pieces.
You spent 28 gold pieces at shops.

Inventory:

Hand Weapons
 a - a +1 long sword (weapon)
Armour
 b - a +0 scale mail (worn)
 c - a +0 buckler (worn)
Jewellery
 f - a ring of positive energy
Wands
 j - a wand of mindburst (12)
Scrolls
 g - a scroll of noise
 h - a scroll of identify
 l - a scroll of teleportation
Potions
 d - 2 potions of might
 e - a potion of haste


   Skills:
 + Level 4.8 Fighting
 + Level 6.3 Long Blades
 + Level 6.2 Armour
 + Level 1.8 Dodging
 + Level 1.0 Stealth
 + Level 5.2 Shields


You had 6 spell levels left.
You didn't know any spells.
Your spell library contained the following spells:

 Spells                   Type           Power      Damage    Failure   Level
 Magic Dart               Conj           0%         1d3       86%         1
 Shock                    Conj/Air       0%         1d3       86%         1
 Call Imp                 Summ           0%         N/A       95%         2
 Mephitic Cloud           Conj/Pois/Air  0%         N/A       99%         3
 Swiftness                Air            0%         N/A       99%         3
 Airstrike                Air            0%         N/A       100%        4


Dungeon Overview and Level Annotations

Branches:
Dungeon (5/15)
 Temple: D:4-7

Altars:
Ashenzari
Yredelemnul

Shops:
D:3 ?


Innate Abilities, Weirdness & Mutations

You have a pair of horns on your head.
You reflexively headbutt those who attack you in melee.


Message History

You bump into the rock wall.
Your surroundings suddenly seem different.
Found a short sword.
You feel sick.
You feel sick.
You are no longer poisoned.
You start resting.
You feel less confused.
A quokka comes into view.
A quokka is nearby!
A quokka is nearby!
An adder comes into view.
The adder hisses angrily.
There are monsters nearby!
The quokka closely misses you.
You hit the quokka but do no damage.
The quokka bites you but does no damage.
You slash the quokka!
You kill the quokka!
You block the adder's attack.
You see here a quokka corpse.
You barely miss the adder. Your headbutt misses the adder.
The adder barely misses you. You furiously retaliate!
You headbutt the adder. You hit the adder.
The adder is heavily wounded.
The adder closely misses you. The adder bites you.
* * * LOW HITPOINT WARNING * * *
You hit the adder. Your headbutt misses the adder.
The adder is severely wounded.
The adder bites you.
* * * LOW HITPOINT WARNING * * *
You hit the adder but do no damage.
The adder is severely wounded.
You block the adder's attack. The adder bites you.
* * * LOW HITPOINT WARNING * * *
You are lethally poisoned!
The adder poisons you!
Unknown command.
You closely miss the adder.
The adder is severely wounded.
You die...

#...[. #..K..
#..K. .## ... ....
.....
#########.....
#...@.........
#..S..........
#####.............
............)...##
..........#######
..........#
..........#
..........#
..........#


You could see an adder.

Vanquished Creatures
  Pargi (D:3)
  A necrophage (D:4)
  A water moccasin skeleton (D:5)
  3 killer bees (D:4)
  A centaur zombie (D:5)
  An orc priest (D:5)
  A bullfrog skeleton (D:5)
  An orc wizard (D:5)
  A hound zombie (D:5)
  5 adders
  4 gnolls (D:4)
  3 worms
  2 dart slugs
  3 orcs
  10 ball pythons
  5 endoplasms
  4 giant cockroaches
  5 hobgoblins
  8 jackals
  9 quokkas
  10 bats
  4 frilled lizards
  9 goblins
  7 kobolds
  5 rats
104 creatures vanquished.

Notes
Turn   | Place    | Note
-------+----------+-------------------------------------------
     0 | D:1      | Peloso the Minotaur Fighter began the quest for the Orb.
     0 | D:1      | Reached XP level 1. HP: 19/19 MP: 0/0
   371 | D:1      | Reached XP level 2. HP: 27/27 MP: 1/1
  1047 | D:1      | Found a faded altar of an unknown god.
  1188 | D:2      | Reached XP level 3. HP: 33/33 MP: 2/2
  2124 | D:3      | Reached XP level 4. HP: 40/40 MP: 3/3
  2143 | D:3      | Found a basalt altar of Yredelemnul.
  2295 | D:3      | Found Miset's Magic Scroll Emporium.
  2304 | D:3      | Bought a scroll of identify for 28 gold pieces
  2320 | D:3      | Noticed Pargi
  2326 | D:3      | Killed Pargi
  2327 | D:3      | Reached XP level 5. HP: 36/46 MP: 4/4
  2839 | D:3      | Reached skill level 1 in Dodging
  3349 | D:4      | Reached skill level 5 in Armour
  3513 | D:4      | Reached skill level 5 in Shields
  3516 | D:4      | Found a broken altar of Ashenzari.
  3641 | D:4      | Reached skill level 5 in Long Blades
  3641 | D:4      | Reached XP level 6. HP: 15/52 MP: 5/5
  4779 | D:5      | Entered Level 5 of the Dungeon
  4785 | D:5      | Reached XP level 7. HP: 54/60 MP: 6/6
  4856 | D:5      | Reached skill level 1 in Stealth
  5039 | D:5      | HP: 2/60 [adder (3)]
  5040 | D:5      | Succumbed to an adder's poison

Illustrated notes

Levels and vault maps discovered:
D:1:      minmay_arrival_four_houses, layout_basic,
          dilly_ecumenical_altar_fadedgnrine
D:2:      wad_crossroads, layout_basic
D:3:      layout_loops_corners, mainiacjoe_overflow_paths, serial_shops,
          nicolae_shop_crystal, nrook_mini_vaults, minmay_quantized, uniq_pargi
D:4:      layout_loops_ring, evilmike_ruin_ashenzari, kennysheep_generic_room_11
D:5:      layout_basic, minmay_temple_entry_offerings

Skill      XL: |  1  2  3  4  5  6  7 |
---------------+----------------------+-----
Shields        | 4 5 |  5.2
Armour         | 4 5 6 |  6.2
Long Blades    | 3 4 5 6 |  6.3
Fighting       | 4 |  4.8
Dodging        | 1 |  1.8
Stealth        | 1 |  1.0

Action                   |  1- 3 |  4- 6 |  7- 9 || total
-------------------------+-------+-------+-------++-------
Melee: Long sword        |    98 |   120 |    49 ||   267
       Headbutt          |    10 |    12 |    12 ||    34
  Use: Scroll            |     5 |     7 |     1 ||    13
       Potion            |     1 |     2 |     1 ||     4
Armor: Scale mail        |    57 |    56 |    35 ||   148
Dodge: Dodged            |    55 |    62 |    18 ||   135
Block: Buckler           |    26 |    28 |    11 ||    65
